 Dungeon Crawl Stone Soup version 0.31-a0-175-g9f7f995f2b (webtiles) character file.

Game seed: 10385399136316511827

587 Faragor the Conjurer (level 7, -1/36 HPs)
             Began as a Deep Elf Conjurer on June 17, 2023.
             Was an Initiate of Sif Muna.
             Slain by a gnoll sergeant
             ... wielding a +0 spear
              (4 damage)
             ... on level 5 of the Dungeon.
             The game lasted 00:13:55 (4739 turns).

Faragor the Conjurer (Deep Elf Conjurer)            Turns: 4739, Time: 00:13:55

Health: -1/36      AC:  3    Str:  4    XL:     7   Next: 15%
Magic:  0/17       EV: 14    Int: 25    God:    Sif Muna [......]
Gold:   210        SH:  0    Dex: 13    Spells: 4/17 levels left

rFire   . . .        m - +2 arbalest (flame)
rCold   . . .        (shield currently unavailable)
rNeg    . . .        a - +0 robe
rPois   .            q - +0 helmet
rElec   .            (no cloak)
rCorr   .            (no gloves)
SInv    .            (no boots)
Will    .....        (no amulet)
Stlth   +++          (no ring)
HPRegen 0.26/turn    (no ring)
MPRegen 0.15/turn

%: no passive effects
@: very slightly contaminated
A: no striking features
a: Renounce Religion


You were on level 5 of the Dungeon.
You worshipped Sif Muna.
Sif Muna was noncommittal.
You visited 2 branches of the dungeon, and saw 6 of its levels.

You collected 210 gold pieces.

Inventory:

Hand Weapons
 m - a +2 arbalest of flaming (weapon)
 s - a +1 dagger of speed
Missiles
 j - a throwing net
Armour
 a - a +0 robe (worn)
 i - the +3 ring mail "Jackouh" {rElec Dex+3}
   (You found it on level 3 of the Dungeon)

   Dex:       It affects your dexterity (+3).
   rElec:     It insulates you from electricity.
 q - a +0 helmet (worn)
Magical Staves
 h - a staff of conjuration
Wands
 t - a wand of iceblast (12)
Scrolls
 c - a scroll of teleportation
 d - a scroll of amnesia
 n - a scroll of blinking {unknown}
 p - 2 scrolls of vulnerability {unknown}
 u - a scroll of revelation {unknown}
 v - a scroll of noise {unknown}
 w - 3 scrolls of identify
 x - a scroll of enchant weapon {unknown}
Potions
 b - a potion of magic
 e - 2 potions of degeneration {unknown}
 f - a potion of ambrosia {unknown}
 g - a potion of might {unknown}
 k - a potion of brilliance {unknown}
 l - 2 potions of invisibility {unknown}
 o - a potion of haste {unknown}
 r - a potion of curing {unknown}


   Skills:
 + Level 5.1 Dodging
 + Level 5.5 Stealth
 + Level 5.7 Spellcasting
 + Level 6.0 Conjurations


You had 4 spell levels left.
You knew the following spells:

 Your Spells              Type           Power      Damage    Failure   Level
a - Magic Dart            Conj           100%       1d8       1%          1
b - Searing Ray           Conj           74%        2d7       1%          2
c - Fulminant Prism       Conj/Hex       11%        3d9       22%         4
d - Iskenderun's Mystic   Conj/Tloc      22%        2d6       22%         4
e - Passwall              Tmut/Erth      5%         N/A       12%         2

Your spell library contained the following spells:

 Spells                   Type           Power      Damage    Failure   Level
 Kiss of Death            Conj/Necr      88%        2d12      2%          1
 Dazzling Flash           Conj/Hex       44%        N/A       7%          3
 Confusing Touch          Hex            7%         N/A       22%         3
 Dispel Undead            Necr           7%         3d8       58%         4
 Ice Form                 Ice/Tmut       7%         N/A       58%         4
 Blade Hands              Tmut           3%         N/A       91%         5
 Dispersal                Tloc           3%         N/A       100%        6


Dungeon Overview and Level Annotations

Branches:
Dungeon (5/15)             Temple (1/1) D:4

Altars:
Elyvilon
Fedhas
Gozag
Nemelex Xobeh
Sif Muna
The Shining One

Shops:
D:1 *   D:4 [


Message History

The gnoll shouts!
Casting: Fulminant Prism (extremely dangerous; 22% risk of failure)
Confirm with . or Enter, or press ? or * to list all spells.
The spell is extremely dangerous to miscast (22% risk of failure)!
Continue anyway?
Aiming: Fulminant Prism (extremely dangerous; 22% risk of failure)
Press: ? - help, Dir - move target You conjure a prism of explosive energy!
A fulminant prism comes into view.
The gnoll sergeant hits you from afar with a +0 spear.
A gnoll comes into view. It is wielding a +0 spear.
Your attacks no longer feel as feeble.
A gnoll comes into view. It is wielding a +0 spear.
The gnoll hits your fulminant prism with a +0 whip!
Your fulminant prism detonates feebly.
A gnoll comes into view. It is wielding a +0 flail.
The gnoll sergeant hits you from afar with a +0 spear!
A gnoll comes into view. It is wielding a +0 club.
The gnoll sergeant hits you from afar with a +0 spear.
The gnoll sergeant barely misses you. The gnoll closely misses you.
Casting: Fulminant Prism (extremely dangerous; 22% risk of failure)
Confirm with . or Enter, or press ? or * to list all spells.
Aiming: Searing Ray (safe; 1% risk of failure)
Press: ? - help, Shift-Dir - straight line, f - gnoll bouda
Aim: a gnoll bouda, wielding a +0 whip and wearing a +0 leather armour (83% to hit)
The searing ray hits the gnoll sergeant.
The gnoll sergeant is moderately wounded.
The searing ray hits the gnoll bouda!
The gnoll bouda is moderately wounded. (Press . to maintain the ray.)
The gnoll sergeant completely misses you.
The gnoll hits you from afar with a +0 spear.
Without enough magic to sustain it, your searing ray dissipates.
The gnoll sergeant hits you from afar with a +0 spear!
* * * LOW HITPOINT WARNING * * *
The gnoll bouda barks out a call to the hunt!
The gnoll picks up the pace!
The gnoll barely misses you. The gnoll sergeant closely misses you.
The gnoll misses you.
The gnoll sergeant hits you from afar with a +0 spear.
You die...

#.# ###. #.#
###... #.#
####...##
#.########....###
#..##.##....###
#..##.....###
#........##
#.....###.#
#@..### ### #.###
#gg#


#ggg# ..ggg. .)...g. ...#... ...##...# You could see a gnoll sergeant (swift), a
gnoll bouda and 7 gnolls.

Vanquished Creatures
  Sigmund (D:2)
  An ice beast (D:5)
  A jelly (D:4)
  An orc priest (D:3)
  Jessica (D:2)
  A sleepcap (D:5)
  2 orc wizards (D:4)
  2 gnolls
  4 adders
  A worm (D:2)
  7 dart slugs
  11 orcs
  5 ball pythons
  9 endoplasms
  2 giant cockroaches
  14 goblins
  6 hobgoblins
  7 kobolds
  7 quokkas
  4 bats
  4 frilled lizards
  3 rats
94 creatures vanquished.

Vanquished Creatures (others)
  A fulminant prism (D:5)
1 creature vanquished.

Grand Total: 95 creatures vanquished

Notes
Turn   | Place    | Note
-------+----------+-------------------------------------------
     0 | D:1      | Faragor the Deep Elf Conjurer began the quest for the Orb.
     0 | D:1      | Reached XP level 1. HP: 10/10 MP: 6/6
   238 | D:1      | Reached XP level 2. HP: 15/15 MP: 5/8
   420 | D:1      | Found Ycsul's General Store.
   738 | D:1      | Reached XP level 3. HP: 19/19 MP: 6/10
  1127 | D:2      | Learned a level 2 spell: Searing Ray
  1692 | D:2      | Found an opulent altar of Gozag.
  1696 | D:2      | Noticed Sigmund
  1755 | D:2      | Noticed Jessica
  1757 | D:2      | Killed Jessica
  1758 | D:2      | Reached skill level 5 in Conjurations
  1758 | D:2      | Reached XP level 4. HP: 24/24 MP: 9/12
  2036 | D:2      | Killed Sigmund
  2037 | D:2      | Reached XP level 5. HP: 16/28 MP: 2/14
  2311 | D:3      | Reached XP level 6. HP: 32/32 MP: 6/15
  2313 | D:3      | Reached skill level 5 in Spellcasting
  2470 | D:3      | Got the Atlas of Transmutation and Coordinates
  2476 | D:3      | Learned a level 4 spell: Fulminant Prism
  2481 | D:3      | Learned a level 4 spell: Iskenderun's Mystic Blast
  2741 | D:3      | Identified the +3 ring mail "Jackouh" {rElec Dex+3}
  3088 | D:4      | Found Segyura Utew's Antique Armour Boutique.
  3274 | D:4      | Reached skill level 5 in Stealth
  3814 | D:4      | Found a staircase to the Ecumenical Temple.
  4081 | Temple   | Entered the Ecumenical Temple
  4095 | Temple   | Became a worshipper of Sif Muna the Loreminder
  4147 | D:5      | Entered Level 5 of the Dungeon
  4151 | D:5      | Noticed an ice beast
  4162 | D:5      | Killed an ice beast
  4163 | D:5      | Reached skill level 5 in Dodging
  4163 | D:5      | Reached skill level 6 in Conjurations
  4163 | D:5      | Reached XP level 7. HP: 7/36 MP: 5/17
  4489 | D:5      | Learned a level 2 spell: Passwall
  4739 | D:5      | Slain by a gnoll sergeant

Illustrated notes

Levels and vault maps discovered:
D:1:      dpeg_arrival_stonehenge_8_columns, layout_basic, serial_shops,
          nicolae_shop_pleasant_corner_grove, columned_hall_lemuel,
          minmay_indecisive_spiral
D:2:      kennysheep_the_goblin_king, layout_basic, basic_altar, uniq_sigmund,
          uniq_jessica
D:3:      layout_rooms, dreamdust_princess_corridor, minmay_crystal_water,
          grunt_decor_mini_mirrors
D:4:      minmay_evil_eye, layout_basic, minmay_temple_entry_purple_smoke,
          serial_shops, shop
D:5:      layout_cave_pods
Temple:   nicolae_temple_the_god_donut

Skill      XL: |  1  2  3  4  5  6 |
---------------+-------------------+-----
Stealth        | 3 4 5 |  5.5
Dodging        | 3 4 5 |  5.1
Spellcasting   | 4 5 |  5.7
Conjurations   | 5 6 |  6.0

Action                     |  1- 3 |  4- 6 |  7- 9 || total
---------------------------+-------+-------+-------++-------
  Melee: Unarmed           |     8 |       |       ||     8
   Fire: Arbalest          |       |     5 |       ||     5
   Cast: Magic Dart        |    70 |    77 |    13 ||   160
         Searing Ray       |     1 |    15 |     3 ||    19
         Fulminant Prism   |       |       |     1 ||     1
    Use: Scroll            |       |     3 |       ||     3
 Armour: Robe              |     2 |     6 |       ||     8
  Dodge: Dodged            |    14 |    13 |    10 ||    37

Table legend: (Time is in decaauts)
 A = Elapsed time spent in this place.
 B = Non-inter-level travel time spent in this place.
 C = Inter-level travel time spent in this place.
 D = Time resting spent in this place.
 E = Time spent auto-exploring this place.
 F = Levels seen in this place.
 G = Mean time per level.
                   A        B        C        D        E       F      G
               +--------+--------+--------+--------+--------+-----+--------+
         Total |   4749 |   4549 |    200 |   1112 |   2843 |   6 |  791.5 |
       Dungeon |   4727 |   4534 |    193 |   1112 |   2843 |   5 |  945.4 |
        Temple |     21 |     14 |      7 |      0 |      0 |   1 |   21.0 |
               +--------+--------+--------+--------+--------+-----+--------+

Top non-repeatable levels by time:
     D:4: 1259 daAuts
     D:2: 1220 daAuts
     D:1: 1081 daAuts
     D:3: 778 daAuts
     D:5: 389 daAuts
  Temple: 21 daAuts
